[Event "Team 45 45 League T41"]
[Site "Internet Chess Club"]
[Date "2009.06.08"]
[Round "6"]
[White "CKNIGHT3"]
[Black "NXS"]
[Result "1-0"]
[WhiteElo "1622"]
[BlackElo "1397"]
[Opening "QGD: semi-Slav"]
[ECO "D10"]
[Time "19:32:47"]
[TimeControl "2700+45"]

1. d4 d5 2. c4 c6 3. Nc3 e6 4. a3 Bd6 5. Nf3 h6 6. Bd2 Nf6 7. Qc2 Nbd7 8. e4
dxe4 9. Nxe4 Nxe4 10. Qxe4 Nf6 11. Qc2 O-O 12. Bd3 Re8 13. O-O b6 14. c5 bxc5
15. dxc5 Bxc5 16. Qxc5 Qxd3 17. Qxc6 Bd7 18. Qc1 Rac8 19. Bc3 Ne4 20. Rd1 Qb5
21. Qe3 Nxc3 22. bxc3 Qb7 23. Rab1 Qc7 24. Ne5 Ba4 25. Rdc1 Red8 26. c4 Qd6 27.
Qxa7 Qxe5 28. Qxa4 Ra8 29. Qb3 Qf4 30. Rd1 Rdc8 31. Rbc1 Ra5 32. Qc3 Rac5 33.
Rd4 Qc7 34. Qd3 Ra5 35. Rd7 Qc5 36. Rc3 Rca8 37. Qf3 f5 38. Qg3 Qf8 39. c5 Qf6
40. h3 f4 41. Qf3 e5 42. Rb3 Re8 43. Rb6 Qg5 44. Qd5+ Kh7 45. Qe4+ Kh8 46. Rg6
Ra4 47. Qc6 Qf5 48. Rxh6+ gxh6 49. Qxh6+ Kg8 50. Qg7# {Black checkmated} 1-0

[Event "Team 45 45 League T41"]
[Site "Internet Chess Club"]
[Date "2009.06.08"]
[Round "6"]
[White "KingOfHearts"]
[Black "chips"]
[Result "1-0"]
[WhiteElo "1295"]
[BlackElo "1212"]
[Opening "Scandinavian (center counter) defense"]
[ECO "B01"]
[Time "16:15:09"]
[TimeControl "2700+45"]

1. e4 d5 2. exd5 Qxd5 3. Nc3 Qd8 4. Nf3 Nf6 5. d4 g6 6. Bc4 e6 7. Bg5 Bg7 8. Qd2
O-O 9. O-O-O c6 10. h4 h5 11. g4 Nbd7 12. gxh5 Nxh5 13. Bxd8 {Black resigns} 1-0

[Event "Team 45 45 League T41"]
[Site "Internet Chess Club"]
[Date "2009.06.05"]
[Round "6"]
[White "knight2f3"]
[Black "andrew0311"]
[Result "1-0"]
[WhiteElo "1530"]
[BlackElo "1387"]
[Opening "Queen's pawn game, Chigorin variation"]
[ECO "D02"]
[Time "14:09:05"]
[TimeControl "2700+45"]

1. d4 d5 2. Nf3 Nc6 3. c4 e6 4. g3 Nf6 5. Bg2 dxc4 6. Qa4 Bb4+ 7. Bd2 Bxd2+ 8.
Nbxd2 O-O 9. Qxc4 Qd6 10. O-O e5 11. dxe5 Nxe5 12. Qc3 Re8 13. e3 c6 14. Rfd1
Qc7 15. h3 Bf5 16. Nh4 Be6 17. Nhf3 Bd5 18. Rac1 Rad8 19. a4 h6 20. b4 a6 21.
Nd4 Kh8 22. Rc2 Rd6 23. Rdc1 Rc8 24. Nf5 Re6 25. e4 Bxe4 26. Nxe4 Nd5 27. Qb3
Ne7 28. Nxe7 Rxe7 29. Nd2 Re6 30. Nf3 Ng6 31. Rc4 Ne7 32. Nd4 Rd6 33. R1c3 Kg8
34. Qc2 Kh8 35. b5 axb5 36. Nxb5 Qd7 37. Nxd6 Qxd6 38. Rd3 Qe6 39. Rcd4 Rg8 40.
Rd8 g6 41. Qd2 Qf6 42. Qxh6# {Black checkmated} 1-0

[Event "Team 45 45 League T41"]
[Site "Internet Chess Club"]
[Date "2009.06.09"]
[Round "6"]
[White "Nikhil03"]
[Black "Mutaant"]
[Result "1-0"]
[WhiteElo "1519"]
[BlackElo "1438"]
[Opening "Scotch game"]
[ECO "C45"]
[Time "19:00:35"]
[TimeControl "2700+45"]

1. e4 e5 2. Nf3 Nc6 3. d4 exd4 4. Nxd4 Qf6 5. Nxc6 dxc6 6. Nc3 Bc5 7. Qd2 Bd4 8.
Na4 b5 9. c3 Bxf2+ 10. Qxf2 Qxf2+ 11. Kxf2 bxa4 12. Bf4 Nf6 13. Bxc7 Nxe4+ 14.
Kf3 Nd2+ 15. Ke3 Nxf1+ 16. Rhxf1 O-O 17. Kf2 Ba6 18. Rfe1 Rfe8 19. Rxe8+ Rxe8
20. Re1 Rc8 21. Rd1 c5 22. Rd8+ Rxd8 23. Bxd8 c4 24. Bc7 Bb5 25. Be5 f6 26. Bf4
Kf7 27. g3 Ke6 28. Ke3 Kf5 29. Kf3 Bc6+ 30. Ke3 g5 31. Bb8 Kg4 32. Bxa7 Kh3 33.
Bb8 Be8 34. Kd4 Bf7 35. Kc5 Kxh2 36. Kb4 Kg2 37. Kxa4 h5 38. Kb4 h4 39. gxh4
gxh4 40. a4 h3 41. Kc5 h2 42. Bxh2 Kxh2 43. a5 Kg3 44. a6 Bh5 45. Kxc4 Bf3 46.
Kd3 f5 47. b4 f4 48. b5 Ba8 49. b6 f3 50. b7 Bxb7 51. axb7 f2 52. b8=Q+ Kg2
{Black resigns} 1-0

[Event "Team 45 45 League T41"]
[Site "Internet Chess Club"]
[Date "2009.06.07"]
[Round "6"]
[White "beerss"]
[Black "cazj"]
[Result "0-1"]
[WhiteElo "1374"]
[BlackElo "1364"]
[Opening "Bird's opening"]
[ECO "A03"]
[Time "20:02:34"]
[TimeControl "2700+45"]

1. f4 d5 2. Nf3 Nc6 3. e3 f6 4. Bb5 Bg4 5. Bxc6+ bxc6 6. O-O e5 7. fxe5 fxe5 8.
Qe1 Bd6 9. Qf2 Nh6 10. Nc3 O-O 11. d4 e4 12. Qe2 exf3 13. gxf3 Bh3 14. e4 Bxf1
15. Kxf1 Qf6 16. e5 Qxf3+ 17. Qxf3 Rxf3+ 18. Kg2 Raf8 19. Bxh6 Rf2+ 20. Kg1 gxh6
21. exd6 cxd6 22. Rc1 R8f4 23. Re1 h5 24. Re8+ Kg7 25. Re7+ Kg6 26. Rxa7 Rxc2
27. Ra6 Rxd4 28. Rxc6 Rg4+ 29. Kf1 Kg5 30. Rxd6 Kh4 31. Rxd5 Kh3 32. Rd3+ Kxh2
33. Ne2 Rg2 34. Re3 Rxb2 35. Ke1 Rxa2 36. Re4 Rg4 37. Re3 h4 38. Rf3 Rg2 39. Re3
h3 40. Re4 Kh1 41. Re3 h2 42. Ng3+ Kg1 43. Ra3 Rxa3 44. Ne2+ Rxe2+ 45. Kxe2 h1=Q
{White resigns} 0-1

[Event "Team 45 45 League T41"]
[Site "Internet Chess Club"]
[Date "2009.06.05"]
[Round "6"]
[White "rayspokemon"]
[Black "seldredg"]
[Result "1-0"]
[WhiteElo "1352"]
[BlackElo "1421"]
[Opening "Scandinavian: Pytel-Wade variation"]
[ECO "B01"]
[Time "20:30:07"]
[TimeControl "2700+45"]

1. e4 d5 2. exd5 Qxd5 3. Nc3 Qd6 4. Nf3 Nf6 5. Bc4 a6 6. d4 b5 7. Be2 Bb7 8. Be3
e6 9. Bd3 Be7 10. a3 Nbd7 11. Qe2 c5 12. dxc5 Nxc5 13. O-O-O Qc7 14. Qd2 Rd8 15.
Qe2 O-O 16. Rd2 Nxd3+ 17. Rxd3 Rxd3 18. cxd3 Nd5 19. Bd2 Rd8 20. g3 h6 21. Kb1
a5 22. Nxb5 Qb6 23. d4 Nf6 24. a4 Ne4 25. Be3 Rd5 26. Qc2 Nd6 27. Nxd6 Bxd6 28.
b3 Ba3 29. Rf1 Ba6 30. Rg1 Qd6 31. Bf4 Qe7 32. Qc7 Qxc7 33. Bxc7 f6 34. Bf4 g5
35. Be3 Bb4 36. h3 Bd3+ 37. Kb2 Be4 38. Ne1 Bd6 39. Nc2 e5 40. Re1 Bxc2 41. Kxc2
exd4 42. Rd1 Be5 43. Bd2 d3+ 44. Kb1 Rc5 45. Rc1 Rd5 46. b4 axb4 47. Bxb4 Rd4
48. Bc3 Rxa4 49. Bxe5 fxe5 50. Kb2 Re4 51. Rf1 h5 52. Kc3 Rd4 53. Rd1 Kf7 54.
Rxd3 Ra4 55. Kb3 Ra7 56. Rd5 Ke6 57. Rd2 Rc7 58. Re2 g4 59. hxg4 hxg4 60. Re4
Kf5 61. Re2 Rd7 62. Kc3 Rd4 63. Rd2 Ke4 64. Re2+ Kf5 65. Rd2 Rxd2 66. Kxd2 Ke4
67. Ke2 Kf5 68. Ke3 e4 69. Kd4 e3 70. fxe3 Ke6 71. Ke4 Kf6 72. Kf4 Ke6 73. Kxg4
Ke5 74. Kf3 Kf5 75. g4+ Ke5 76. e4 Kd4 77. Kf4 Kd3 78. g5 {Black resigns} 1-0

[Event "Team 45 45 League T41"]
[Site "Internet Chess Club"]
[Date "2009.06.08"]
[Round "6"]
[White "BrerRabbit"]
[Black "clarinetref"]
[Result "0-1"]
[WhiteElo "1554"]
[BlackElo "1733"]
[Opening "English opening"]
[ECO "A10"]
[Time "10:54:38"]
[TimeControl "2700+45"]

1. c4 b6 2. Nf3 Bb7 3. g3 c5 4. Bg2 g6 5. O-O Bg7 6. Nc3 Nf6 7. d4 cxd4 8. Nxd4
Bxg2 9. Kxg2 O-O 10. e4 Qc7 11. Qd3 Na6 12. f3 Nc5 13. Qe2 Nfxe4 14. Nd5 Qd8 15.
Rd1 e6 16. fxe4 exd5 17. exd5 Re8 18. Qf3 Qe7 19. Rb1 Qe4 20. Qxe4 Rxe4 21. Nf3
Rxc4 22. Kf1 Re8 23. Re1 Rxe1+ 24. Kxe1 Nd3+ 25. Kd1 Nb4 26. b3 Rc3 27. Ke2 Nxd5
28. Nd2 Rc6 29. Bb2 Bxb2 30. Rxb2 Nc3+ 31. Kd3 Nb5 32. Nc4 d5 33. Ne3 Rc3+ 34.
Kd2 d4 35. Nc4 Rf3 36. Ke1 Nc3 {White resigns} 0-1

[Event "Team 45 45 League T41"]
[Site "Internet Chess Club"]
[Date "2009.06.05"]
[Round "6"]
[White "tightfist"]
[Black "bmw2002"]
[Result "1-0"]
[WhiteElo "1611"]
[BlackElo "1600"]
[Opening "Bird's opening"]
[ECO "A03"]
[Time "22:09:07"]
[TimeControl "2700+45"]

1. f4 d5 2. Nf3 Nf6 3. e3 Bg4 4. Be2 Nc6 5. O-O e6 6. b3 Bd6 7. Bb2 Qe7 8. Kh1
O-O-O 9. c4 h5 10. Ne5 Bf5 11. d3 Bc5 12. d4 Bd6 13. Nxc6 bxc6 14. c5 Bxc5 15.
Ba6+ Kd7 16. dxc5 Rdg8 17. Bd4 g5 18. Bxf6 Qxf6 19. Nd2 gxf4 20. Rxf4 Qg6 21.
Bf1 h4 22. Nf3 Bg4 23. Ne5+ {Black resigns} 1-0

[Event "Team 45 45 League T41"]
[Site "Internet Chess Club"]
[Date "2009.06.07"]
[Round "6"]
[White "Zyme"]
[Black "tryanything"]
[Result "1-0"]
[WhiteElo "1463"]
[BlackElo "1511"]
[Opening "QGD: Albin counter-gambit, 5.g3"]
[ECO "D09"]
[Time "17:54:42"]
[TimeControl "2700+45"]

1. d4 d5 2. c4 e5 3. dxe5 d4 4. Nf3 Nc6 5. g3 Be6 6. Nbd2 Nge7 7. Bg2 Ng6 8. O-O
Qd7 9. b3 O-O-O 10. Bb2 h5 11. Qc2 Ngxe5 12. Nxe5 Nxe5 13. Rfd1 Nc6 14. Nf3 Bc5
15. a3 Bf5 16. Qd2 Be4 17. b4 Bxf3 18. Bxf3 Be7 19. b5 Ne5 20. Qa5 Nxf3+ 21.
exf3 Bc5 22. a4 Qd6 23. Rd3 Qb6 24. Qd2 Qh6 25. Qd1 b6 26. Bxd4 Rxd4 27. Rxd4
Bxd4 28. Qxd4 Rd8 29. Qe4 Kb8 30. Qe7 Qf6 31. Qxf6 gxf6 32. Kf1 Rd4 33. Rc1 c5
34. Ke2 Kc7 35. Rd1 Rxc4 36. Rd5 Rxa4 37. Rxh5 c4 38. Rh4 Kd6 39. Re4 Kc5 40. h4
Kxb5 41. h5 c3 42. Rxa4 Kxa4 43. Kd1 Kb3 44. Kc1 a5 45. h6 a4 46. h7 a3 47. h8=Q
a2 48. Qa8 b5 49. Qd5+ Ka3 50. Qc5+ b4 51. Qa5+ Kb3 52. Qa7 f5 53. Qxf7+ Ka3 54.
Qa7+ Kb3 55. g4 fxg4 56. fxg4 {Black resigns} 1-0

[Event "Team 45 45 League T41"]
[Site "Internet Chess Club"]
[Date "2009.06.05"]
[Round "6"]
[White "Aquaman"]
[Black "zepled37"]
[Result "0-1"]
[WhiteElo "1383"]
[BlackElo "1613"]
[Opening "Blackmar gambit"]
[ECO "D00"]
[Time "21:01:56"]
[TimeControl "2700+45"]

1. d4 d5 2. e4 dxe4 3. Nc3 Nf6 4. f3 exf3 5. Nxf3 Bg4 6. h3 Bxf3 7. Qxf3 c6 8.
Be3 e6 9. Bd3 Nd5 10. O-O Qd7 11. Nxd5 cxd5 12. Rf2 f6 13. Qh5+ Qf7 14. Qe2 Bd6
15. Raf1 Nc6 16. c3 O-O-O 17. Bg5 Rde8 18. Bd2 e5 19. dxe5 Nxe5 20. Bf5+ Kb8 21.
Qb5 a6 22. Qb3 Bc5 23. Qxd5 Qxd5 {White resigns} 0-1

[Event "Team 45 45 League T41"]
[Site "Internet Chess Club"]
[Date "2009.06.06"]
[Round "6"]
[White "jericho121"]
[Black "MaMi98"]
[Result "0-1"]
[WhiteElo "1504"]
[BlackElo "1730"]
[Opening "Sicilian defense"]
[ECO "B20"]
[Time "09:00:09"]
[TimeControl "2700+45"]

1. e4 c5 2. b3 Nc6 3. Bb2 d6 4. Nc3 Nf6 5. d3 e5 6. Nf3 Bg4 7. Be2 Be7 8. h3 Be6
9. Qd2 a6 10. O-O h6 11. a3 b5 12. Nd1 a5 13. Ne3 b4 14. axb4 axb4 15. Rxa8 Qxa8
16. Ra1 Qb7 17. Qd1 O-O 18. Ra4 Ra8 19. Rxa8+ Qxa8 20. Qa1 Qxa1+ 21. Bxa1 g6 22.
Bb2 Na7 23. Bc1 Nb5 24. Nd1 Kg7 25. Bb2 Nh5 26. Kh2 Nf4 27. Bf1 f5 28. g3 Nh5
29. exf5 gxf5 30. Be2 Nf6 31. Ne3 Nd4 32. Nxd4 cxd4 33. Ng2 Nd5 34. g4 f4 35.
Bf3 Nc3 36. Bc6 Nd1 37. Bc1 Nxf2 38. Bd2 d5 39. Ne1 Nd1 40. Nf3 Kf6 41. Kg2 Ne3+
42. Bxe3 dxe3 43. Kf1 Bc5 44. Ke2 Bd6 45. Bb7 h5 46. g5+ Kg6 47. h4 d4 48. Be4+
Bf5 49. Bxf5+ Kxf5 50. Nh2 e4 51. dxe4+ Kxe4 52. Nf3 Be7 53. g6 Bf6 54. Ng5+ Kf5
55. Nf3 Kxg6 56. Kd3 Kf5 57. Nxd4+ Bxd4 58. Kxd4 e2 {White resigns} 0-1

[Event "Team 45 45 League T41"]
[Site "Internet Chess Club"]
[Date "2009.06.07"]
[Round "6"]
[White "Knightmare99"]
[Black "cysk"]
[Result "0-1"]
[WhiteElo "1141"]
[BlackElo "1595"]
[Opening "French: advance variation"]
[ECO "C02"]
[Time "21:22:17"]
[TimeControl "2700+45"]

1. e4 e6 2. d4 d5 3. e5 b6 4. c4 Ba6 5. Qa4+ Qd7 6. Qxd7+ Nxd7 7. cxd5 Bxf1 8.
Kxf1 exd5 9. Nc3 c6 10. Bg5 f6 11. exf6 Ngxf6 12. Re1+ Kf7 13. Nf3 Bb4 14. Ne5+
Nxe5 15. dxe5 Ne4 16. Re3 Nxg5 17. f4 d4 18. Rd3 dxc3 19. fxg5 cxb2 20. Rb3 Bc3
21. Ke2 Bxe5 22. Rf1+ Kg6 23. g4 Rhf8 24. Re3 Rxf1 25. Rb3 b1=Q 26. Rxb1 Rxb1
27. h4 Rf8 28. Ke3 Bg3 29. h5+ Kxg5 30. Ke4 Kxg4 31. h6 g5 32. a4 Rd8 33. a5
Re1# {White checkmated} 0-1

[Event "Team 45 45 League T41"]
[Site "Internet Chess Club"]
[Date "2009.06.09"]
[Round "6"]
[White "AngryPirate"]
[Black "rocket"]
[Result "1-0"]
[WhiteElo "1462"]
[BlackElo "1234"]
[Opening "King's gambit"]
[ECO "C30"]
[Time "17:01:33"]
[TimeControl "2700+45"]

1. e4 e5 2. f4 d6 3. Nf3 Nc6 4. Bc4 Nf6 5. d3 Bg4 6. h3 Bxf3 7. Qxf3 Nd4 8. Qf2
a6 9. a4 Be7 10. Be3 Nc6 11. g4 Nxe4 12. Qf3 Nf6 13. g5 Nd7 14. O-O O-O 15. h4
Nb6 16. Bxb6 cxb6 17. f5 Nd4 18. Qg2 Qd7 19. c3 Nxf5 20. Qh3 d5 21. Bxd5 Qxd5
22. Qxf5 g6 23. Qh3 Bc5+ 24. Kh2 e4 25. d4 Bd6+ 26. Kg2 e3+ 27. Qf3 Qxf3+ 28.
Kxf3 Rfe8 29. Re1 Re7 30. Rxe3 Rxe3+ 31. Kxe3 Bg3 32. Nd2 Bxh4 33. Ne4 Re8 34.
Kf3 Rxe4 35. Kxe4 Bxg5 36. c4 h5 37. b4 h4 38. a5 bxa5 39. Rxa5 f6 40. b5 h3 41.
bxa6 bxa6 42. Rxa6 f5+ 43. Kf3 Kh7 44. c5 Bf6 45. Rxf6 Kh6 46. c6 Kg5 47. Rxg6+
Kxg6 48. c7 Kg5 49. c8=Q h2 50. Qc1+ Kh4 51. Qh1 Kh3 52. Qxh2+ Kxh2 53. Kf4 Kh3
54. Kxf5 Kh4 55. Ke6 Kg5 56. d5 Kg6 57. d6 Kg7 58. Ke7 Kg6 59. d7 Kf5 60. d8=R
Ke5 61. Kf7 Ke4 62. Rd6 Ke5 63. Ra6 Kd5 64. Ke7 Ke5 65. Ra5+ Kd4 66. Ke6 Kc4 67.
Kd6 Kb4 68. Rh5 Kc4 69. Rg5 Kb4 70. Kc6 Kc3 71. Kd5 Kb3 72. Rg4 Kc3 73. Rh4 Kb3
74. Kc5 Ka3 75. Kb5 Kb2 76. Rh3 Kc2 77. Kb4 Kd2 78. Kc4 Ke2 79. Kd4 Kf2 80. Ke4
Kg2 81. Ra3 Kf2 82. Rb3 Kg2 83. Kf4 Kh2 84. Kg4 Kg1 85. Rb2 Kf1 86. Kg3 Ke1 87.
Kf3 Kd1 88. Ke3 Kc1 89. Rh2 Kd1 90. Rg2 Kc1 91. Kd3 Kb1 92. Kc3 Ka1 93. Kb3 Kb1
94. Rg1# {Black checkmated} 1-0

[Event "Team 45 45 League T41"]
[Site "Internet Chess Club"]
[Date "2009.06.09"]
[Round "6"]
[White "nardz"]
[Black "Ser-Enigma"]
[Result "1/2-1/2"]
[WhiteElo "2093"]
[BlackElo "2147"]
[Opening "Trompowsky attack (Ruth, Opocenský opening)"]
[ECO "A45"]
[Time "10:06:04"]
[TimeControl "2700+45"]

1. d4 Nf6 2. Bg5 c5 3. Bxf6 gxf6 4. d5 Qb6 5. Nd2 Qxb2 6. e3 Qe5 7. c4 d6 8.
Ngf3 Qc3 9. Be2 Rg8 10. g3 Na6 11. O-O f5 12. Rb1 Bh6 13. Kh1 Qa3 14. Ne1 Qxa2
15. Nd3 Qa5 16. Rb3 Qd8 17. Qc2 b6 18. Rfb1 Nc7 19. Ra3 e6 20. Bf3 e5 21. Bg2 e4
22. Nf4 Bxf4 23. exf4 Qf6 24. f3 exf3 25. Nxf3 Bd7 26. Qa2 Kf8 27. Rxa7 Kg7 28.
Bf1 Qc3 29. Qa1 Qxa1 30. Rbxa1 Rxa7 31. Rxa7 Rc8 32. Rb7 Ba4 33. Rxb6 Ne8 34.
Bd3 Bd7 35. Kg2 Rc7 36. Nh4 Kf6 37. h3 Ra7 38. Kf2 Ra2+ 39. Ke3 Ra7 40. Rb8 Ng7
41. Be2 Ra3+ 42. Kf2 Ra2 43. Ng2 Nh5 44. Rb3 Ba4 45. Re3 Bd1 46. g4 fxg4 47.
hxg4 Ng3 48. Kxg3 Bxe2 49. g5+ Kg6 50. Rc3 Kf5 51. Re3 Kg6 52. Rc3 Kf5 53. Re3
Kg6 54. Rc3 Kf5 {Game drawn by repetition} 1/2-1/2

[Event "Team 45 45 League T41"]
[Site "Internet Chess Club"]
[Date "2009.06.03"]
[Round "6"]
[White "mcplayerus"]
[Black "QueensCounselor"]
[Result "1/2-1/2"]
[WhiteElo "2088"]
[BlackElo "2017"]
[Opening "Neo-Grünfeld, 6.O-O c6"]
[ECO "D78"]
[Time "14:06:07"]
[TimeControl "2700+45"]

1. d4 Nf6 2. Nf3 g6 3. g3 Bg7 4. Bg2 c6 5. O-O O-O 6. c4 d5 7. Nc3 dxc4 8. Bf4
Nd5 9. Bd2 Nd7 10. a3 e5 11. e4 exd4 12. Nxd4 Nxc3 13. Bxc3 Ne5 14. Qc2 Qc7 15.
Ne2 Be6 16. Nf4 Bd7 17. Rad1 Rad8 18. Qa4 b6 19. Qc2 Rfe8 20. Rfe1 b5 21. Bd4
Bg4 22. Rd2 Re7 23. Bc3 Rxd2 24. Qxd2 Rd7 25. Qe3 Nd3 26. Bxg7 Nxe1 27. Bc3 Nxg2
28. Kxg2 Qd6 29. h3 Be6 30. Nh5 Bxh3+ 31. Kxh3 gxh5 32. Kh2 h6 33. Qf3 Qg6 34.
Qf4 Qg5 35. Qb8+ Qd8 36. Qe5 f6 37. Qxh5 Qf8 38. Kg2 Rf7 39. Qf5 c5 40. e5 fxe5
41. Qg4+ Qg7 42. Qc8+ Qf8 43. Qg4+ Qg7 44. Qc8+ Qf8 45. Qg4+ Qg7 46. Qc8+ Qf8
47. Qg4+ Qg7 {Game drawn by repetition} 1/2-1/2

[Event "Team 45 45 League T41"]
[Site "Internet Chess Club"]
[Date "2009.06.06"]
[Round "6"]
[White "livis"]
[Black "DeLaSalle"]
[Result "1/2-1/2"]
[WhiteElo "2041"]
[BlackElo "2033"]
[Opening "KP: Nimzovich defense"]
[ECO "B00"]
[Time "14:52:22"]
[TimeControl "2700+45"]

1. e4 Nc6 2. Nf3 d5 3. exd5 Qxd5 4. Nc3 Qa5 5. Be2 Bg4 6. O-O Nf6 7. d3 e6 8.
Bd2 Qf5 9. Ng5 h6 10. Nge4 Bxe2 11. Qxe2 O-O-O 12. a3 Nd4 13. Qd1 Be7 14. Be3
Kb8 15. Bxd4 Rxd4 16. Qe2 Rhd8 17. f3 Nd5 18. Nxd5 R4xd5 19. b4 {Game drawn by
mutual agreement} 1/2-1/2

[Event "Team 45 45 League T41"]
[Site "Internet Chess Club"]
[Date "2009.06.06"]
[Round "6"]
[White "Kurukshetra"]
[Black "baumhauer"]
[Result "0-1"]
[WhiteElo "1740"]
[BlackElo "1926"]
[Opening "King's Indian, 3.Nf3"]
[ECO "E61"]
[Time "04:00:27"]
[TimeControl "2700+45"]

1. d4 Nf6 2. c4 g6 3. Nf3 Bg7 4. Nc3 d6 5. Bf4 O-O 6. Qd2 Bf5 7. Bh6 Nc6 8. a3
Na5 9. Ra2 Nxc4 10. Qc1 Nb6 11. Bxg7 Kxg7 12. Nh4 Be6 13. Ra1 Rc8 14. e4 Bb3 15.
Qg5 e6 16. Bd3 Bc4 17. Bxc4 Nxc4 18. b3 Nb6 19. Nf3 c5 20. Rc1 h6 21. Qe3 cxd4
22. Nxd4 e5 23. Nde2 Re8 24. O-O d5 25. exd5 Nfxd5 26. Nxd5 Rxc1 27. Rxc1 Qxd5
28. f4 Re7 29. Rc5 Qd1+ 30. Kf2 Nd5 31. Qe4 Nf6 32. Qc4 exf4 {White resigns} 0-1

[Event "Team 45 45 League T41"]
[Site "Internet Chess Club"]
[Date "2009.06.06"]
[Round "6"]
[White "Stryker672"]
[Black "bobhill"]
[Result "1-0"]
[WhiteElo "1853"]
[BlackElo "2040"]
[Opening "Sicilian: Alapin's variation (2.c3)"]
[ECO "B22"]
[Time "23:01:09"]
[TimeControl "2700+45"]

1. e4 c5 2. c3 d5 3. exd5 Qxd5 4. d4 Nf6 5. Nf3 Bg4 6. Be2 e6 7. h3 Bh5 8. O-O
Nc6 9. Be3 cxd4 10. Nxd4 Bxe2 11. Qxe2 Be7 12. Nd2 Nxd4 13. Bxd4 O-O 14. Rfd1 a6
15. Nc4 Qg5 16. Be3 Qb5 17. a4 Qc6 18. Nb6 Rad8 19. Rxd8 Rxd8 20. Rd1 h6 21.
Rxd8+ Bxd8 22. Qc4 Qd6 23. Qc8 Kh7 24. Qxb7 Bc7 25. g3 Qd1+ 26. Kg2 Bxb6 27.
Bxb6 Qxa4 28. Bd4 Qd7 29. Qxd7 Nxd7 30. Kf3 e5 31. Be3 f5 32. Ke2 Kg8 33. Kd3
Kf7 34. Kc4 Ke6 35. Kb4 g5 36. Ka5 f4 37. gxf4 gxf4 38. Ba7 e4 39. Kxa6 Kd5 40.
Kb5 h5 41. c4+ Ke5 42. Kb4 e3 43. fxe3 f3 44. e4 Kxe4 45. Kc3 Ne5 46. b4 Kf4 47.
Bf2 Ke4 48. b5 Nd3 49. Bh4 Ne5 50. b6 Nc6 51. Bf2 Ke5 52. Kd3 Kf4 53. b7 Nb4+
54. Kd4 Nc6+ 55. Kc5 Nb8 56. Kb6 Ke4 57. c5 Kd5 58. Ka7 Nd7 59. b8=Q Nxb8 60.
Kxb8 Kc6 61. Kc8 h4 62. Kd8 Kd5 63. Kd7 Ke4 64. c6 Kd3 65. c7 Ke2 66. Bxh4 Kf1
67. c8=Q f2 68. Qc2 Kg1 69. Qxf2+ Kh1 70. Qf3+ {Black resigns} 1-0

[Event "Team 45 45 League T41"]
[Site "Internet Chess Club"]
[Date "2009.06.06"]
[Round "6"]
[White "Beddathanme"]
[Black "markgravitygood"]
[Result "1/2-1/2"]
[WhiteElo "1863"]
[BlackElo "1920"]
[Opening "Caro-Kann: anti-anti-Caro-Kann defense"]
[ECO "B10"]
[Time "17:54:37"]
[TimeControl "2700+45"]

1. e4 c6 2. c4 d5 3. cxd5 cxd5 4. exd5 Nf6 5. Nc3 Nxd5 6. Nf3 e6 7. Bc4 Nc6 8.
a3 Nb6 9. Bb3 Bc5 10. O-O O-O 11. Qe2 e5 12. Nxe5 Nd4 13. Qd1 Qf6 14. Nc4 Bf5
15. Nxb6 Qxb6 16. Bc4 Qg6 17. d3 Bh3 18. Bd5 Rfd8 19. Be4 f5 20. Bf3 Nxf3+ 21.
Qxf3 Rxd3 22. Qxb7 Rf8 23. Ne2 Rf7 24. Qa8+ Rf8 25. Qb7 Qe8 26. Nf4 Rf7 27. Qa6
Rd6 28. Qc4 Qc6 29. Qb3 Bg4 30. h3 g5 31. hxg4 gxf4 32. Bxf4 Rg6 33. Rad1 fxg4
{Game drawn by mutual agreement} 1/2-1/2

[Event "Team 45 45 League T41"]
[Site "Internet Chess Club"]
[Date "2009.06.11"]
[Round "6"]
[White "tsia68"]
[Black "Beetlejuice"]
[Result "1/2-1/2"]
[WhiteElo "1920"]
[BlackElo "1839"]
[Opening "English opening"]
[ECO "A20"]
[Time "14:03:31"]
[TimeControl "2700+45"]

1. c4 e5 2. g3 c6 3. Bg2 f5 4. Nc3 Nf6 5. d3 d6 6. Rb1 g6 7. e3 Bg7 8. Nge2 O-O
9. b4 a5 10. b5 Re8 11. Qc2 d5 12. bxc6 bxc6 13. cxd5 cxd5 14. Nb5 Ba6 15. O-O
Qd7 16. a4 Nc6 17. Ba3 Rec8 18. Qa2 Bf8 19. Bxf8 Kxf8 20. Qa3+ Nb4 21. Nec3 Kg7
22. Qb3 e4 23. d4 Qe6 24. Rfd1 Nd7 25. Bf1 Nb6 26. Na2 Nxa2 27. Qxa2 Nc4 28.
Rdc1 Rab8 29. Rc3 Nb6 30. Nc7 Qd6 31. Bxa6 Rxc7 32. Rxc7+ Qxc7 33. Qd2 Nc4 34.
Qc2 Rxb1+ 35. Qxb1 Nb6 36. Bb5 Qc3 37. Kg2 Kh6 38. Qa2 Nc4 39. Bxc4 dxc4 40. d5
Qb3 41. Qxb3 cxb3 42. d6 b2 43. d7 b1=Q 44. d8=Q Qb4 {Game drawn by mutual
agreement} 1/2-1/2

[Event "Team 45 45 League T41"]
[Site "Internet Chess Club"]
[Date "2009.06.09"]
[Round "6"]
[White "room-matt"]
[Black "bogolijubov"]
[Result "0-1"]
[WhiteElo "1777"]
[BlackElo "1819"]
[Opening "Scandinavian defense"]
[ECO "B01"]
[Time "15:04:22"]
[TimeControl "2700+45"]

1. e4 d5 2. exd5 Nf6 3. Bb5+ Bd7 4. Be2 Nxd5 5. d4 Bf5 6. Nf3 e6 7. O-O Be7 8.
a3 O-O 9. c4 Nb6 10. Bf4 Nc6 11. Nc3 Bf6 12. Nb5 Rc8 13. Be3 a6 14. Nc3 Qe7 15.
Qb3 Na5 16. Qa2 Rcd8 17. Rad1 Bc2 18. Rc1 Bb3 19. Qb1 Bxc4 20. Bxc4 Naxc4 21.
Ne4 Nxe3 22. fxe3 Nd5 23. Qd3 e5 24. Nxf6+ Nxf6 25. Qb3 exd4 26. exd4 c6 27. Rf2
Nd5 28. Re1 Qc7 29. Qd3 Rde8 30. Ref1 Re3 31. Qc2 Qe7 32. Ne5 f6 33. Nc4 Re1 34.
Rxe1 Qxe1+ 35. Rf1 Qe6 36. Qb3 b5 37. Nb6 Qe3+ 38. Qxe3 Nxe3 39. Re1 Re8 40. h3
Kf7 41. Kf2 Nd5 42. Rxe8 Kxe8 43. Nxd5 cxd5 44. Kf3 Ke7 45. Kf4 Ke6 46. h4 h6
47. g3 g5+ 48. hxg5 fxg5+ 49. Kg4 Kf6 50. Kh5 Kf5 51. Kxh6 a5 52. b4 a4 53. Kh5
Ke4 54. Kxg5 Kxd4 55. g4 Ke3 56. Kf5 d4 57. g5 d3 58. g6 d2 59. g7 d1=Q 60. g8=Q
Qf3+ 61. Kg6 Qg4+ 62. Kf7 Qxg8+ 63. Kxg8 Kd3 64. Kf7 Kc3 65. Ke6 Kb3 66. Kd5
Kxa3 67. Kc5 Kb3 68. Kxb5 a3 {White resigns} 0-1

[Event "Team 45 45 League T41"]
[Site "Internet Chess Club"]
[Date "2009.06.07"]
[Round "6"]
[White "Bookkeeper"]
[Black "Monsieur"]
[Result "1-0"]
[WhiteElo "1526"]
[BlackElo "1599"]
[Opening "Latvian counter-gambit"]
[ECO "C40"]
[Time "06:11:27"]
[TimeControl "2700+45"]

1. e4 e5 2. Nf3 f5 3. Nc3 fxe4 4. Nxe4 d5 5. Nc3 e4 6. Nd4 Nf6 7. d3 Bc5 8. dxe4
O-O 9. exd5 Ng4 10. Be3 Nxe3 11. fxe3 Qh4+ 12. g3 Qf6 13. Ne4 Qe7 14. Bd3 Bf5
15. Nxf5 Rxf5 16. Nxc5 Qxe3+ 17. Qe2 Qxe2+ 18. Bxe2 b6 19. Nb3 h5 20. O-O-O Nd7
21. Rhf1 Raf8 22. Rxf5 Rxf5 {Black resigns} 1-0

[Event "Team 45 45 League T41"]
[Site "Internet Chess Club"]
[Date "2009.06.07"]
[Round "6"]
[White "Victorianum"]
[Black "Portola"]
[Result "1/2-1/2"]
[WhiteElo "1782"]
[BlackElo "1656"]
[Opening "French: exchange variation"]
[ECO "C01"]
[Time "10:00:52"]
[TimeControl "2700+45"]

1. e4 e6 2. d4 d5 3. exd5 exd5 4. c4 c6 5. Nc3 Nf6 6. Bd3 Be6 7. cxd5 Nxd5 8.
Nge2 Bd6 9. O-O Nd7 10. Ng3 Qc7 11. Nxd5 cxd5 12. Re1 O-O 13. Qc2 Qxc2 14. Bxc2
Rac8 15. Bd3 h6 16. a3 Nb6 17. Nf5 Bxf5 18. Bxf5 Rc6 19. Bd2 Nc4 20. Bc3 g6 21.
Bd3 Rfc8 22. Bxc4 Rxc4 23. g3 R4c6 24. Rec1 b5 25. Bd2 Kg7 26. Rxc6 Rxc6 27. Rc1
Rxc1+ 28. Bxc1 a5 29. Bd2 b4 30. a4 h5 31. h4 Bc7 32. b3 Kf6 33. Kg2 Kf5 34. Kf3
f6 35. Bh6 Bb6 36. Ke3 g5 37. hxg5 fxg5 38. f4 gxf4+ 39. Bxf4 Bd8 40. Kf3 Ke6
41. Be5 Kf5 42. Bh8 {Game drawn by mutual agreement} 1/2-1/2